 Dungeon Crawl Stone Soup version 0.19.5 (webtiles) character file.

144 Wilfredo the Shooter (level 5, -1/42 HPs)
             Began as a Centaur Hunter on Apr 30, 2017.
             Was a Follower of Uskayaw.
             Killed from afar by an orc wizard (9 damage)
             ... with a puff of flame
             ... on level 3 of the Dungeon.
             The game lasted 00:23:22 (2000 turns).

Wilfredo the Shooter (Centaur Hunter)               Turns: 2000, Time: 00:23:23

Health: -1/42      AC:  5    Str: 14    XL:     5   Next: 5%
Magic:  5/5        EV:  8    Int: 10    God:    Uskayaw [*.....]
Gold:   47         SH:  0    Dex: 11    Spells: 0 memorised, 4 levels left

rFire  . . .     SeeInvis .     b - +0 short sword
rCold  + . .     Gourm    .     m - +0 ring mail {rC+}
rNeg   . . .     Faith    .     (no shield)
rPois  .         Spirit   .     (no helmet)
rElec  .         Reflect  .     (no cloak)
rCorr  .         Harm     .     (no gloves)
MR     .....                    (no barding)
Stlth  ..........               (no amulet)
                                (no ring)
                                (no ring)

@: very quick
A: hooves 3, deformed body, speed 2, tough skin 3
a: Stomp, Renounce Religion


You were on level 3 of the Dungeon.
You worshipped Uskayaw.
Uskayaw was noncommittal.
You were hungry.

You visited 1 branch of the dungeon, and saw 3 of its levels.

You collected 47 gold pieces.

Inventory:

Hand Weapons
 a - a +1 shortbow
 b - a +0 short sword (weapon)
Missiles
 d - 38 arrows
 n - 56 stones (quivered)
Armour
 c - a +0 leather armour
 m - a +0 ring mail of cold resistance (worn)
Scrolls
 e - a scroll of amnesia {unknown}
 j - 2 scrolls of remove curse
 k - a scroll of enchant weapon {unknown}
 l - 2 scrolls of identify {unknown}
 t - a scroll of noise {unknown}
Potions
 g - a potion of agility {unknown}
 i - a potion of cure mutation {unknown}
 p - a potion of beneficial mutation {unknown}
 s - a potion of mutation {unknown}
Comestibles
 f - a bread ration
 h - a beef jerky
 o - a meat ration
 q - a royal jelly
 r - 5 chunks of flesh


   Skills:
 + Level 2.5 Fighting
 + Level 1.0 Short Blades
 + Level 7.0 Bows
 + Level 0.2 Throwing
 + Level 1.0 Armour
 + Level 1.8 Dodging
 + Level 0.5 Stealth


You had 4 spell levels left.
You didn't know any spells.

Dungeon Overview and Level Annotations

Branches:
Dungeon (3/15)

Altars:
Makhleb
Uskayaw


Innate Abilities, Weirdness & Mutations

You have hooves in place of feet.
Armour fits poorly on your strangely shaped body.
You cover ground very quickly.
You have extremely tough skin. (AC +3)


Message History

Aiming: Line Pass
Press: ? - help, Dir - move target cursor
Okay, then.
You hit something but do no damage. You kick something. Something hits you.
* * * LOW HITPOINT WARNING * * *
Something hits you but does no damage.
You closely miss something. Your kick misses something.
You hear some strange, mumbled words.
A magic dart appears from out of thin air!
The magic dart hits you!
* * * LOW HITPOINT WARNING * * *
You see here a bat skeleton.
Something hits you.
* * * LOW HITPOINT WARNING * * *
You can no longer pass through a line of other dancers.
You hear some strange, mumbled words.
A puff of flame appears from out of thin air!
The puff of flame hits you!
You die...

##### #.# ####...######.#
##### ..##.#........# #...#
#.##.################...#
#....#............))....#
######.###############.##
.......# #.#
######################.#
#...#..........@......######
#.#.##.##....................
#.#... #.###################
#.#######รท### #...........#
#######.....#######
#.....#.....# #.....#.....# o
#.....#.....###((.(


There were no monsters in sight!

Vanquished Creatures
  The ghost of greprep the Magician, a weakling SpCj (D:3)
  An orc priest (D:3)
  3 adders
  A dart slug (D:2)
  8 orcs (D:3)
  8 goblins
  3 hobgoblins
  6 jackals
  7 bats
  4 frilled lizards
  4 kobolds
  4 rats
50 creatures vanquished.

Notes
Turn   | Place    | Note
-------+----------+-------------------------------------------
     0 | D:1      | Wilfredo the Centaur Hunter began the quest for the Orb.
     0 | D:1      | Reached XP level 1. HP: 17/17 MP: 1/1
   253 | D:1      | Reached XP level 2. HP: 18/24 MP: 2/2
   418 | D:1      | Reached skill level 6 in Bows
   891 | D:2      | Reached XP level 3. HP: 13/29 MP: 3/3
  1123 | D:2      | Found a hide-covered altar of Uskayaw.
  1152 | D:2      | Became a worshipper of Uskayaw the Reveler
  1264 | D:2      | Reached * piety under Uskayaw
  1273 | D:2      | Found a burning altar of Makhleb.
  1469 | D:3      | Reached ** piety under Uskayaw
  1472 | D:3      | Reached *** piety under Uskayaw
  1476 | D:3      | Reached XP level 4. HP: 24/37 MP: 4/4
  1477 | D:3      | Reached skill level 1 in Short Blades
  1477 | D:3      | Reached **** piety under Uskayaw
  1505 | D:3      | Noticed greprep's ghost (weakling SpCj)
  1525 | D:3      | HP: 1/37 [greprep's ghost/magic dart (2)]
  1526 | D:3      | Killed greprep's ghost
  1967 | D:3      | Reached skill level 7 in Bows
  1967 | D:3      | Reached skill level 1 in Armour
  1967 | D:3      | Reached XP level 5. HP: 35/42 MP: 5/5
  2000 | D:3      | Killed from afar by an orc wizard

Skill      XL: |  1  2  3  4 |
---------------+-------------+-----
Bows           | 6 7 |  7.0
Short Blades   | 1 |  1.0
Armour         | 1 |  1.0
Fighting       | |  2.5
Throwing       | |  0.2
Dodging        | |  1.8
Stealth        | |  0.5

Action                   |  1- 3 |  4- 6 || total
-------------------------+-------+-------++-------
Melee: Short sword       |    66 |    35 ||   101
       Kick              |    14 |     6 ||    20
 Fire: Shortbow          |    60 |    18 ||    78
Throw: Stone             |     4 |     2 ||     6
       Throwing net      |     1 |       ||     1
Invok: Stomp             |       |     1 ||     1
  Use: Scroll            |     1 |       ||     1
 Stab: Paralysed         |       |     2 ||     2
  Eat: Chunk             |     1 |     1 ||     2
Armor: Leather armour    |     9 |       ||     9
       Ring mail         |    26 |    18 ||    44
Dodge: Dodged            |    44 |    15 ||    59
